[Event "Late-Titled-Tuesday-Blitz-December-26-2023"]
[Site "Chess.com"]
[Date "2023.12.26"]
[Round "2"]
[White "GMthekingindian"]
[Black "bazar-wokzal"]
[Result "1/2-1/2"]
[WhiteElo "2310"]
[BlackElo "2655"]
[TimeControl "180+1"]
[EndTime "14:17:59 PST"]
[Termination "Game drawn by agreement"]

1. e4 Nc6 2. d4 d5 3. Nc3 e5 4. exd5 Nxd4 5. Be3 Nf5 6. Qd2 Bb4 7. O-O-O Nf6 8.
Bd3 Nxe3 9. Qxe3 Bxc3 10. Bb5+ Bd7 11. Bxd7+ Nxd7 12. Qxc3 O-O 13. Nf3 Qf6 14. Rhe1 Rfe8 15. Qxc7 Rad8 16. Kb1 e4 17. Nd4 Nb6 18. Qxb7 Qxf2 19.
Nc6 Rd7 20. Qa6 Qxg2 21. Nxa7 Nxd5 22. Qc6 Red8 23. Nb5 e3 24. Ka1 Qxh2 25. Nc3 Qe5 26. Nxd5 Rxd5 27. Rxd5 Qxd5 28. Qxd5 Rxd5 29. a4 Re5 30. b4 f5 31. a5 f4 32. a6 Re8 33.
b5 Ra8 34. Kb2 g5 35. Kc3 g4 36. Kd4 Kf7 37. Ke4 Ke6 38. Kxf4 Kd5 39. Rxe3 Kc5 40.
Re5+ Kb6 41. Kxg4 Rc8 42. Kh5 Rxc2 43. Kh6 Rh2+ 44. Kg5 h5 45. Re6+ Kxb5 46. Rh6 Ra2 47. Rxh5 Rxa6 48. Kg4+ Kc4 49. Rh4 1/2-1/2

[Event "Late-Titled-Tuesday-Blitz-December-26-2023"]
[Site "Chess.com"]
[Date "2023.12.26"]
[Round "2"]
[White "ChessLebaneseSalah"]
[Black "PawnEatingZombie"]
[Result "1-0"]
[WhiteElo "2447"]
[BlackElo "2105"]
[TimeControl "180+1"]
[EndTime "14:17:59 PST"]
[Termination "ChessLebaneseSalah won on time"]

1. e4 e6 2. d4 d5 3. Nd2 c5 4. Ngf3 cxd4 5. exd5 Qxd5 6. g3 Nc6 7. Bg2 Nf6 8. O-O Be7 9. Nb3 Qd6 10. Nfxd4 Nxd4 11. Qxd4 Qxd4 12. Nxd4 a6 13. h3 Bc5 14. Be3 Nd5 15.
Rad1 Nxe3 16. fxe3 Rb8 17. c3 Bd7 18. Rfe1 Ke7 19. Nb3 Ba7 20. Kf2 b5 21. Nd4 Rhc8 22.
a3 Be8 23. Rd2 a5 24. Red1 b4 25. axb4 axb4 26. cxb4 Rxb4 27. Ra1 Bxd4 28. exd4 Rcb8 29. Ra7+ Kf6 30. Ra2 Bb5 31. Bf1 Bxf1 32. Kxf1 Rd8 33. Ra7 Kg6 34. Rf2 f6 35. Re2 Rdxd4 36. Rxe6 Rxb2 37.
Ke1 Rdd2 38. Ree7 Rh2 39. Rxg7+ Kf5 40. Ra5+ 1-0

[Event "Late-Titled-Tuesday-Blitz-December-26-2023"]
[Site "Chess.com"]
[Date "2023.12.26"]
[Round "2"]
[White "Didici"]
[Black "DishonorOnYourCow"]
[Result "0-1"]
[WhiteElo "2747"]
[BlackElo "2543"]
[TimeControl "180+1"]
[EndTime "14:18:06 PST"]
[Termination "DishonorOnYourCow won by resignation"]

1. b3 d5 2. Bb2 Nf6 3. e3 g6 4. c4 c6 5. cxd5 cxd5 6. Bxf6 exf6 7. Bb5+ Nc6 8. Nc3 Be6 9. Nge2 Bd6 10. O-O a6 11. Bxc6+ bxc6 12. d4 O-O 13. Na4 Bc7 14. Rc1 Qd6 15. g3 Bg4 16. Qc2 Bf3 17. Qxc6 Bxe2 18.
Rfe1 Bf3 19. Qxc7 Qe6 20. Qf4 Be4 21. Nc5 Qe7 22. Nxe4 dxe4 23. Rc7 Qa3 24. Re2 f5 25. g4 fxg4 26. Qxe4 h5 27. Rec2 Rad8 28. R2c6 Rd6 29.
Rxd6 Qxd6 30. Rc5 Rd8 31. Qc6 Qe7 32. Qxa6 Qe4 33. Qf1 h4 34. Re5 Qf3 35. Rc5 g3 36.
hxg3 hxg3 37. Rc3 Rd5 38. e4 gxf2+ 39. Qxf2 Rg5+ 40. Kf1 Qd1+ 41. Qe1 Rg1+ 42. Kxg1 Qxe1+ 43. Kg2 Qxc3 0-1

[Event "Late-Titled-Tuesday-Blitz-December-26-2023"]
[Site "Chess.com"]
[Date "2023.12.26"]
[Round "2"]
[White "GP9isback23"]
[Black "Jospem"]
[Result "0-1"]
[WhiteElo "2624"]
[BlackElo "3084"]
[TimeControl "180+1"]
[EndTime "14:18:07 PST"]
[Termination "Jospem won on time"]

1. d4 Nf6 2. e3 c5 3. Nf3 g6 4. Be2 Bg7 5. O-O O-O 6. c3 b6 7.
a4 Nc6 8. b3 Bb7 9. Ba3 d6 10.
b4 Qc7 11. Nbd2 Rac8 12. Rc1 Nb8 13. Qb3 Nbd7 14. a5 Ne4 15. axb6 axb6 16. Nxe4 Bxe4 17. Nd2 Bc6 18. Bb2 Nf6 19. c4 Bd7 20. Rfd1 Rfd8 21. dxc5 dxc5 22. b5 Ng4 23. Nf3 Bxb2 24. Qxb2 Bf5 25.
h3 Nf6 26. Ne5 Be4 27. Bf3 Bxf3 28. Nxf3 Rd6 29. Ne5 Rcd8 30. Rxd6 Qxd6 31. Nc6 Rd7 32. Qc2 Kg7 33. Ra1 Qe6 34. Qc3 Qf5 35. Qe5 Qxe5 36.
Nxe5 Rd2 37. f3 Re2 38. e4 Nh5 39. Ng4 Nf4 40. Nf2 Rc2 41. Ra6 Rc1+ 42. Kh2 Rc2 43. Kg1 Ne2+ 44. Kh2 Nd4 45. Kg1 Rxc4 46. Rxb6 Rb4 47.
Nd3 Rb1+ 48. Kh2 c4 49. Ne5 c3 0-1

[Event "Late-Titled-Tuesday-Blitz-December-26-2023"]
[Site "Chess.com"]
[Date "2023.12.26"]
[Round "2"]
[White "Durarbayli"]
[Black "Andrej2004"]
[Result "1-0"]
[WhiteElo "2891"]
[BlackElo "2563"]
[TimeControl "180+1"]
[EndTime "14:18:07 PST"]
[Termination "Durarbayli won by resignation"]

1. c4 e5 2. d3 Nc6 3. Nf3 f5 4. a3 Nf6 5. Nc3 g6 6. b4 d6 7. b5 Ne7 8. g3 Bg7 9. Bd2 O-O 10. Bg2 h6 11. O-O g5 12. a4 a5 13. Qb3 Kh8 14.
b6 c6 15. c5 e4 16. dxe4 fxe4 17. Ne1 d5 18. Nc2 Nf5 19. f3 e3 20. Nxe3 Qe7 21. Nxf5 Bxf5 22. e4 Qxc5+ 23. Kh1 Be6 24. Rac1 Qe7 25.
Qb1 Rad8 26. e5 Nd7 27. f4 gxf4 28. gxf4 Bf5 29. Qb3 Qe6 30. Ne2 Rg8 31. Nd4 Qf7 32.
Nxf5 Qxf5 33. Rg1 Bf8 34. Qf3 Nc5 35. Bh3 Qe4 36. Rxg8+ Kxg8 37. Bg2 Kh8 38. Qxe4 dxe4 39. Be1 Nd3 40. Rb1 Nxe1 41. Rxe1 Rd4 42. Bxe4 Rxa4 43.
f5 Rb4 44. f6 a4 45. e6 Kg8 46.
e7 Bxe7 47. fxe7 Kf7 48. Bg6+ Kg7 49. e8=Q 1-0

[Event "Late-Titled-Tuesday-Blitz-December-26-2023"]
[Site "Chess.com"]
[Date "2023.12.26"]
[Round "2"]
[White "Road2GM3000"]
[Black "ilya2700"]
[Result "0-1"]
[WhiteElo "2498"]
[BlackElo "2344"]
[TimeControl "180+1"]
[EndTime "14:18:07 PST"]
[Termination "ilya2700 won by resignation"]

1. d4 d5 2. c4 e6 3. Nc3 Nf6 4.
cxd5 exd5 5. Bg5 Be7 6. e3 O-O 7. Bd3 Nbd7 8. Qc2 b6 9. Nf3 Bb7 10. O-O c5 11. Ne5 Rc8 12. Nxd7 Qxd7 13. Bxf6 Bxf6 14. Bxh7+ Kh8 15. Bf5 Qc6 16. Bxc8 Rxc8 17. Qd1 cxd4 18. exd4 Qc4 19. Qh5+ Kg8 20. Rad1 Rc6 21.
Rfe1 Rc8 22. Re3 b5 23. Rde1 Bc6 24. h3 Bxd4 25. Re7 Rf8 26. Ne2 Bxf2+ 27. Kxf2 Qc5+ 28. Nd4 Qxd4+ 29. Kf1 Qxb2 30. R7e2 Qc3 31. Kg1 d4 32. Rd1 Rd8 33. Qh4 f6 34. Re7 d3 35. Qg3 Qc5+ 36. Qf2 Qxe7 37. Re1 Qxe1+ 38. Qxe1 d2 39. Qd1 Be4 40.
Qb3+ Kh8 41. Qd1 Bc2 42. Qh5+ Kg8 43. Qxb5 d1=Q+ 44. Kh2 Qd6+ 45. Kg1 Qb6+ 46. Qxb6 axb6 0-1

[Event "Late-Titled-Tuesday-Blitz-December-26-2023"]
[Site "Chess.com"]
[Date "2023.12.26"]
[Round "2"]
[White "norman927"]
[Black "Skatchkov_V"]
[Result "1-0"]
[WhiteElo "2360"]
[BlackElo "2563"]
[TimeControl "180+1"]
[EndTime "14:18:08 PST"]
[Termination "norman927 won by resignation"]

1. e4 e5 2. Nf3 d5 3. Nxe5 Bd6 4. d4 dxe4 5. Bc4 Bxe5 6. Qh5 Qe7 7. Qxe5 Qxe5 8.
dxe5 Nc6 9. Nc3 Bf5 10. O-O Nxe5 11. Bb3 O-O-O 12. Bf4 Ng6 13. Be3 Nf6 14. Bxf7 Rhf8 15. Bb3 Ng4 16. Bg5 Rde8 17. h3 Nf6 18. Rfe1 a6 19.
a4 Nd7 20. Bd5 h6 21. Be3 Re5 22. Bd4 Re7 23. Bxe4 Rfe8 24. f3 c5 25. Bf2 Bxe4 26.
Nxe4 Kd8 27. Rad1 Re6 28. Rxd7+ Kxd7 29. Nxc5+ Kd6 30. Rxe6+ Rxe6 31. Nxe6 Kxe6 32. Kf1 Nf4 33. Be3 Nd5 34. Ke2 Kd7 35. Bd4 Nf4+ 36. Kf2 Ne6 37. Bc3 Kc6 38. g3 g6 39. f4 Kd5 40. Ke3 h5 41. g4 hxg4 42. hxg4 Nc5 43. f5 gxf5 44.
gxf5 Nxa4 45. Bd4 a5 46. b3 Nc5 47. Bxc5 Kxc5 48. f6 Kd6 49. Kd4 Ke6 50. Kc5 Kxf6 51. Kb6 a4 52. bxa4 Ke5 53. Kxb7 Kd5 54. a5 1-0

[Event "Late-Titled-Tuesday-Blitz-December-26-2023"]
[Site "Chess.com"]
[Date "2023.12.26"]
[Round "2"]
[White "Kapitan_Bayan"]
[Black "Kildepiotr"]
[Result "0-1"]
[WhiteElo "2308"]
[BlackElo "2664"]
[TimeControl "180+1"]
[EndTime "14:18:09 PST"]
[Termination "Kildepiotr won on time"]

1. e4 g6 2. d4 Bg7 3. c4 d6 4. Nc3 Nc6 5. Nge2 e5 6. Be3 Nf6 7. d5 Ne7 8. f3 Nd7 9. g4 h5 10.
g5 h4 11. Qd2 a5 12. Bh3 Nc5 13. Bxc8 Nxc8 14. O-O-O a4 15. Kb1 Qd7 16. Rhf1 Nb6 17. Bxc5 dxc5 18. Qd3 Nc8 19. a3 Nd6 20. Rde1 Ra6 21.
Nc1 O-O 22. Qe3 Nxc4 23. Qe2 Nd6 24. Nd3 Ra5 25. f4 exf4 26. e5 Nf5 27. e6 Qe7 28.
Nxf4 Nd4 29. Qd3 Qxg5 30. exf7+ Rxf7 31. Ne6 Rxf1 32. Rxf1 Qg2 33. Nxg7 Kxg7 34. Re1 Nf5 35. d6 cxd6 36. Ne4 Ra8 37. Qc3+ Kh6 38. Qf6 Re8 39. Re2 Qh1+ 40. Ka2 Rxe4 41. Qh8+ Kg5 42. Qd8+ Kg4 43. Rd2 Re1 0-1

[Event "Late-Titled-Tuesday-Blitz-December-26-2023"]
[Site "Chess.com"]
[Date "2023.12.26"]
[Round "2"]
[White "katharinareinecke"]
[Black "Fore_Man"]
[Result "0-1"]
[WhiteElo "2008"]
[BlackElo "2408"]
[TimeControl "180+1"]
[EndTime "14:18:10 PST"]
[Termination "Fore_Man won by resignation"]

1. e4 c5 2. Nf3 g6 3. g3 Nc6 4.
Bg2 Bg7 5. O-O e6 6. c3 Nge7 7. d4 cxd4 8. cxd4 d6 9. Nc3 O-O 10.
a3 b6 11. b4 Bb7 12. Bb2 Rc8 13. Rc1 a6 14. Qd2 b5 15. Rfe1 Qb6 16. Ne2 a5 17. bxa5 Qxa5 18. Qxa5 Nxa5 19. Rxc8 Rxc8 20.
e5 dxe5 21. dxe5 Rc2 22. Bc3 Nc4 23. Bb4 Nd5 24. Ned4 Nxb4 25. axb4 Rb2 26. Nxb5 Rxb4 27. Nbd4 Bd5 28. h3 Nxe5 29. Nxe5 Rxd4 30. Bxd5 Rxd5 31. Nf3 h6 32. Re2 e5 33. Kg2 f5 34. Ne1 e4 35.
Nc2 Rd3 36. Ne3 Bd4 37. Nf1 Kf7 38. h4 Kf6 39. Rc2 Ke5 40. Re2 g5 41. hxg5 hxg5 42.
Ra2 Bc3 43. Re2 f4 44. gxf4+ gxf4 45. Ra2 f3+ 46. Kg1 Bd4 47. Ra5+ Kf4 48. Ra2 Rd1 49. Rd2 Rxd2 50. Nxd2 Bxf2+ 51. Kxf2 e3+ 52. Ke1 exd2+ 53. Kxd2 Kg3 54. Ke1 Kg2 55. Kd2 f2 56. Ke2 f1=Q+ 0-1

[Event "Late-Titled-Tuesday-Blitz-December-26-2023"]
[Site "Chess.com"]
[Date "2023.12.26"]
[Round "2"]
[White "Statham_l3"]
[Black "rasmussvane"]
[Result "0-1"]
[WhiteElo "2571"]
[BlackElo "2902"]
[TimeControl "180+1"]
[EndTime "14:18:12 PST"]
[Termination "rasmussvane won by checkmate"]

1. e4 c6 2. d4 d5 3. f3 e6 4. Nc3 Bb4 5. a3 Ba5 6. Nh3 Ne7 7. Bd3 dxe4 8. Bxe4 Nd7 9. O-O Nf6 10. Bg5 Ned5 11. Qd3 h6 12. Bh4 O-O 13. Rae1 Nxc3 14. bxc3 c5 15. Bh7+ Kh8 16. Re5 Bb6 17. g4 cxd4 18.
c4 Bc7 19. Rh5 Bd6 20. Nf2 Be7 21. Bxf6 Bxf6 22. Ne4 Be7 23. g5 Bd7 24. gxh6 g6 25.
Qxd4+ f6 26. Bxg6 Rg8 27. Rg5 e5 28. Qd5 fxg5 29. Qf7 Rxg6 30. Qxg6 Qg8 31. Qh5 Bf5 32. Rd1 Rd8 33. Rxd8 Bxd8 34. Nd6 Bb6+ 35. Kh1 Qg6 36. Nf7+ Kh7 37. Nxg5+ Kh8 38. Nf7+ Kg8 39. h7+ Qxh7 40.
Nh6+ Kh8 41. Qe8+ Kg7 42. Nxf5+ Qxf5 43. Qe7+ Kg6 44. Qe8+ Qf7 45. Qe7 Qxf3# 0-1

[Event "Late-Titled-Tuesday-Blitz-December-26-2023"]
[Site "Chess.com"]
[Date "2023.12.26"]
[Round "2"]
[White "nindjaxx8"]
[Black "rezamahdavi2008"]
[Result "1/2-1/2"]
[WhiteElo "2558"]
[BlackElo "2856"]
[TimeControl "180+1"]
[EndTime "14:18:12 PST"]
[Termination "Game drawn by stalemate"]

1. d4 Nf6 2. c4 e6 3. Nc3 Bb4 4. Nf3 c5 5. e3 O-O 6. Be2 Bxc3+ 7.
bxc3 d6 8. O-O b6 9. Bb2 Bb7 10.
Nd2 Qe7 11. Bf3 Nc6 12. Qe2 Na5 13. Bxb7 Qxb7 14. Rfd1 Rac8 15. Nb3 Qa6 16. Nxa5 Qxa5 17. d5 exd5 18. cxd5 c4 19. Rd4 Rfe8 20. Rad1 Rc5 21. Rxc4 Qb5 22. Rdd4 h6 23. a4 Qa6 24. Ba3 Rxd5 25. Qf3 Rxd4 26. Rxd4 d5 27. h3 Qc8 28. Bb2 Qc5 29. Qf4 Re4 30. Rxe4 dxe4 31. Qb8+ Kh7 32. Qxa7 Qd5 33. c4 Qd1+ 34. Kh2 Qd6+ 35. g3 Qd2 36.
Bxf6 Qxf2+ 37. Kh1 Qxf6 38. Qb7 Qf1+ 39. Kh2 Qe2+ 40.
Kh1 Qxc4 41. Qxb6 Qc1+ 42. Kg2 Qc2+ 43. Kf1 Qxa4 44. Qb7 Qd1+ 45. Kg2 Qf3+ 46. Kh2 Qf2+ 47. Kh1 Qxe3 48. Qxf7 Qxg3 49. Qf5+ Qg6 50. Qe5 h5 51.
Kh2 h4 52. Qf4 Qg3+ 53. Qxg3 hxg3+ 54. Kxg3 g5 55. h4 Kg6 56. hxg5 Kxg5 57. Kf2 Kf4 58. Ke2 e3 59. Ke1 Kf3 60. Kf1 e2+ 61. Ke1 Ke3 1/2-1/2

[Event "Late-Titled-Tuesday-Blitz-December-26-2023"]
[Site "Chess.com"]
[Date "2023.12.26"]
[Round "2"]
[White "cthulhuuu"]
[Black "MikeSailer"]
[Result "0-1"]
[WhiteElo "2451"]
[BlackElo "2195"]
[TimeControl "180+1"]
[EndTime "14:18:13 PST"]
[Termination "MikeSailer won by checkmate"]

1. e4 d5 2. exd5 Qxd5 3. d3 Nf6 4. Nc3 Qd6 5. g3 c6 6. Nf3 Bg4 7. h3 Bh5 8. Bg2 e6 9. O-O Qc7 10. Re1 Bd6 11. g4 Bg6 12. Nh4 Nbd7 13. Rb1 O-O 14.
Nxg6 hxg6 15. b4 a6 16. a4 Nb6 17. Bd2 Nbd5 18. Ne4 Bf4 19. b5 axb5 20. axb5 Ra2 21.
bxc6 bxc6 22. Nc3 Nxc3 23. Bxc3 Nd5 24. Bd2 Bh2+ 25. Kh1 Bd6 26. Ra1 Rfa8 27. Rxa2 Rxa2 28. Qb1 Qa7 29. Qb3 Ra3 30. Qc4 Qxf2 31. Qxc6 Qxd2 32.
Rf1 Bf8 33. Qe8 Ra7 34. Qb8 Qa5 35. Qe8 Qc7 36. Rf3 Qd7 37. Qb8 Kh7 38. Rf1 Bd6 39. Qb3 Bc7 40. c4 Qd6 41. Qd1 Qh2# 0-1

[Event "Late-Titled-Tuesday-Blitz-December-26-2023"]
[Site "Chess.com"]
[Date "2023.12.26"]
[Round "2"]
[White "ZuraTqebuchava"]
[Black "ilushka"]
[Result "1-0"]
[WhiteElo "2174"]
[BlackElo "2441"]
[TimeControl "180+1"]
[EndTime "14:18:13 PST"]
[Termination "ZuraTqebuchava won on time"]

1. e4 e5 2. Nf3 Nc6 3. Bb5 Nf6 4. O-O Nxe4 5. Re1 Nd6 6. Bxc6 dxc6 7. Nxe5 Be7 8. d4 O-O 9. c3 Bf6 10. Bf4 Re8 11.
Nd2 Be6 12. h3 g6 13. Qf3 Bd5 14. Qd3 a5 15. a4 Be6 16. Re2 Bxe5 17. Bxe5 f6 18.
Bxd6 cxd6 19. Rae1 Qd7 20. Ne4 Kg7 21. Qf3 Bf5 22.
Ng3 Rxe2 23. Nxf5+ Qxf5 24. Qxe2 Rf8 25. Qe7+ Rf7 26. Qxd6 Qc2 27. Re7 Qxb2 28. Qd7 Qc1+ 29. Kh2 Qf4+ 30. Kg1 Rxe7 31. Qxe7+ Kh6 32. Qf8+ Kg5 33.
Qc5+ Qf5 34. Qf8 Qd5 35. h4+ Kh5 36. Qxf6 Qf5 37. Qe7 h6 38. Qxb7 g5 39. Qxc6 Kxh4 40. Qf3 1-0

[Event "Late-Titled-Tuesday-Blitz-December-26-2023"]
[Site "Chess.com"]
[Date "2023.12.26"]
[Round "2"]
[White "Leo_C"]
[Black "Elsa167"]
[Result "0-1"]
[WhiteElo "2611"]
[BlackElo "2983"]
[TimeControl "180+1"]
[EndTime "14:18:15 PST"]
[Termination "Elsa167 won on time"]

1. e4 c6 2. Nf3 d5 3. Nc3 Bg4 4. h3 Bxf3 5. Qxf3 e6 6. Be2 Nf6 7. O-O d4 8. Nb1 Bd6 9. d3 Nbd7 10. h4 h5 11. Qh3 e5 12. a4 Ng4 13. Nd2 Qf6 14.
g3 Qg6 15. Nc4 Bc7 16. f3 Ngf6 17. Kh1 O-O-O 18. b4 Ne8 19. b5 Kb8 20. bxc6 Qxc6 21. Ba3 Bd6 22. Rfb1 Bxa3 23. Na5 Qc3 24. Rxb7+ Ka8 25.
Rab1 Nef6 26. Nc4 Rb8 27. Rxb8+ Rxb8 28. Rxb8+ Kxb8 29. Qf1 Bb4 30. Qb1 Qe1+ 31. Qxe1 Bxe1 32. Kg2 g6 33. Nd6 Nc5 34. Nxf7 Nfd7 35. Kh3 Nxa4 36.
Nh8 Nf8 37. Nf7 Nd7 38. Nh8 Nc3 39. Bf1 a5 40. Nxg6 a4 41. Ne7 Kc7 42. g4 hxg4+ 43. Kxg4 a3 44. h5 a2 45. h6 a1=Q 46. h7 Nf6+ 47. Kf5 Nxh7 0-1

[Event "Late-Titled-Tuesday-Blitz-December-26-2023"]
[Site "Chess.com"]
[Date "2023.12.26"]
[Round "2"]
[White "cthake"]
[Black "Greguer"]
[Result "0-1"]
[WhiteElo "1897"]
[BlackElo "2407"]
[TimeControl "180+1"]
[EndTime "14:18:16 PST"]
[Termination "Greguer won by resignation"]

1. e4 c5 2. Nf3 d6 3. d4 cxd4 4.
Nxd4 Nf6 5. Nc3 a6 6. Be3 e5 7. Nf3 Be7 8. Bc4 O-O 9. O-O Nc6 10. a4 h6 11. Bb3 Bg4 12. h3 Bh5 13. g4 Bg6 14. Nd2 Nd4 15. f4 Nxb3 16. cxb3 exf4 17.
Bxf4 Rc8 18. Qe2 Re8 19. Rad1 d5 20. e5 Nd7 21. e6 Nf6 22. exf7+ Bxf7 23. Qg2 Bc5+ 24.
Kh2 d4 25. Nce4 Nxe4 26. Nxe4 Bd5 27. Rfe1 Ba7 28. Rd2 Qa5 29. Rde2 d3 30. Nf6+ gxf6 31. Rxe8+ Rxe8 32. Rxe8+ Kf7 33. Bd2 Qc7+ 34. Qg3 Qxg3+ 35. Kxg3 Kxe8 36. Bxh6 Kf7 37. Bd2 Bxb3 38. Kf4 Bxa4 39. g5 fxg5+ 40. Kxg5 Bb5 41. Kf4 Bb8+ 42. Ke4 Ke6 43.
b4 Be5 44. h4 Bg7 45. h5 Kf7 46. Kd5 Bf8 47. h6 Kg6 48. Ke6 Bxh6 49. Bxh6 Kxh6 50. Kd6 d2 0-1

[Event "Late-Titled-Tuesday-Blitz-December-26-2023"]
[Site "Chess.com"]
[Date "2023.12.26"]
[Round "2"]
[White "Rodalquilar"]
[Black "Kaua18"]
[Result "1-0"]
[WhiteElo "2759"]
[BlackElo "2525"]
[TimeControl "180+1"]
[EndTime "14:18:18 PST"]
[Termination "Rodalquilar won by resignation"]

1. d4 Nf6 2. Nf3 c5 3. c3 e6 4. Bf4 Nc6 5. e3 d5 6. Nbd2 cxd4 7. exd4 Nh5 8. Be3 Bd6 9. Ne5 g6 10. Nd3 O-O 11. g3 f5 12. Bh6 Rf7 13. f4 Bd7 14. Bg2 Qc7 15. Ne5 Nxe5 16. fxe5 Be7 17. Bf3 Ng7 18. h4 Bb5 19. Be2 Qb6 20. Qb3 Bxe2 21.
Qxb6 axb6 22. Kxe2 Nh5 23. Kf3 b5 24. a3 b6 25. Nb3 Ng7 26. Nc1 Kf8 27. Nd3 Ke8 28. Nf4 Kd7 29. Rae1 Nh5 30. Nxd5 exd5 31. e6+ Ke8 32.
exf7+ Kxf7 33. Bg5 Bd6 34. Rhg1 Rh8 35. g4 Ng7 36.
Rgf1 h6 37. Bf4 Be7 38. Be5 Bxh4 39. Bxg7 Kxg7 40. Re6 Rf8 41. gxf5 Rxf5+ 42. Ke2 Rh5 43. Rxb6 Bg5 44. Rb7+ Kg8 45. Rff7 Rh2+ 46. Kf3 Rh1 47.
Rfc7 Rf1+ 48. Kg2 Rf8 49. Rg7+ 1-0

[Event "Late-Titled-Tuesday-Blitz-December-26-2023"]
[Site "Chess.com"]
[Date "2023.12.26"]
[Round "2"]
[White "KNVB"]
[Black "Fh2411"]
[Result "1-0"]
[WhiteElo "2716"]
[BlackElo "2511"]
[TimeControl "180+1"]
[EndTime "14:18:18 PST"]
[Termination "KNVB won on time"]

1. d4 d5 2. Bf4 c5 3. e3 cxd4 4. exd4 Nc6 5. c3 Nf6 6. Bd3 Bg4 7. Qb3 Qc8 8. Nd2 e6 9. h3 Bh5 10. Ngf3 Be7 11. O-O O-O 12. Rfe1 Bg6 13. Bxg6 hxg6 14. a4 b6 15. h4 Re8 16. g3 Na5 17. Qd1 Nc4 18.
Nxc4 dxc4 19. Bg5 Nd5 20. Bxe7 Rxe7 21. Ne5 Rc7 22. h5 gxh5 23. Qxh5 g6 24. Qf3 Qb7 25.
Re4 Rac8 26. Rae1 Kg7 27. Rh4 Rh8 28. Rxh8 Kxh8 29. Nxg6+ fxg6 30. Qf8+ Kh7 31. Re4 g5 32. Rxe6 Rg7 33. Qf5+ Kh8 34. Re8+ Rg8 35. Qe5+ Kh7 36.
Qe4+ Kh8 37. Qh1+ Kg7 38. Re6 Rh8 39. Qe4 Rh6 40. Qe5+ Kh7 41. Qf5+ 1-0

[Event "Late-Titled-Tuesday-Blitz-December-26-2023"]
[Site "Chess.com"]
[Date "2023.12.26"]
[Round "2"]
[White "KVAIDAN"]
[Black "MPCandelario"]
[Result "1-0"]
[WhiteElo "2379"]
[BlackElo "2659"]
[TimeControl "180+1"]
[EndTime "14:18:19 PST"]
[Termination "KVAIDAN won on time"]

1. f4 d5 2. Nf3 Nf6 3. e3 g5 4.
fxg5 Ne4 5. d3 Nd6 6. Nc3 c6 7. Be2 h6 8. e4 e6 9. gxh6 Na6 10. Bf4 Bxh6 11. Bxh6 Rxh6 12. Qd2 Rh8 13. Qf4 Qe7 14. O-O-O Bd7 15. e5 Nf5 16. d4 Nc7 17. g4 Nh4 18. Nxh4 Qxh4 19. Rdf1 O-O-O 20. Qf6 Qh3 21. Qf3 Qh4 22.
Qe3 Rh7 23. Qg3 Qg5+ 24. Kb1 Rdh8 25. a3 Be8 26. Nd1 Rh3 27. Qg2 Qd2 28. c3 c5 29.
Bf3 Qg5 30. Nf2 R3h4 31. Nd3 Bb5 32. Be2 Bxd3+ 33. Bxd3 Rxg4 34. Qf2 Rg2 35. Qf4 Qxf4 36. Rxf4 cxd4 37. cxd4 Rd2 38. Bc2 Nb5 39. h4 Nxd4 40. Bd1 Nc6 41. h5 Rh6 42. Rxf7 Nxe5 43. Re7 Nc6 44. Rg7 Rf2 45. Rg6 Rh7 46. h6 e5 47. Rg7 Rh8 48. h7 Rff8 49. Bg4+ Kd8 50. Be6 Ne7 51. Rh5 Rf6 52. Bg8 1-0

[Event "Late-Titled-Tuesday-Blitz-December-26-2023"]
[Site "Chess.com"]
[Date "2023.12.26"]
[Round "2"]
[White "shaya01"]
[Black "sebastianmarinp"]
[Result "1-0"]
[WhiteElo "2230"]
[BlackElo "2454"]
[TimeControl "180+1"]
[EndTime "14:18:24 PST"]
[Termination "shaya01 won on time"]

1. e4 c5 2. Nf3 d6 3. d4 cxd4 4. Nxd4 Nf6 5. Nc3 g6 6. g3 Nc6 7.
Nde2 Bg7 8. Bg2 O-O 9. O-O Bd7 10.
h3 a6 11. a4 Rc8 12. f4 Ne8 13. Be3 Na5 14. Bd4 Nc4 15. b3 e5 16. fxe5 Nxe5 17. Nd5 Bc6 18. Nec3 Kh8 19. Nb6 Rc7 20. Ncd5 Bxd5 21. exd5 f5 22. a5 Re7 23. Qd2 Nc7 24.
Rae1 Rfe8 25. c4 Kg8 26. Kh1 Nd7 27. Bxg7 Kxg7 28. Nxd7 Qxd7 29. Qc3+ Kg8 30. b4 Rxe1 31. Rxe1 Rxe1+ 32. Qxe1 Ne8 33. Qe6+ Qf7 34. c5 dxc5 35.
Qxf7+ Kxf7 36. bxc5 Nf6 37. d6 Nd7 38. Bxb7 Nxc5 39. Bd5+ Kf6 40. Bc4 Ke5 41. d7 Nxd7 42.
Bxa6 Kd6 43. Bb5 Ne5 44. a6 Kc7 45. Kg2 Kb6 46. Be2 g5 47. Kf2 Nd7 48. Ke3 Nc5 49. Kd4 h5 50. a7 1-0

[Event "Late-Titled-Tuesday-Blitz-December-26-2023"]
[Site "Chess.com"]
[Date "2023.12.26"]
[Round "2"]
[White "semchik73"]
[Black "GothamChess"]
[Result "0-1"]
[WhiteElo "2365"]
[BlackElo "2684"]
[TimeControl "180+1"]
[EndTime "14:18:25 PST"]
[Termination "GothamChess won on time"]

1. Nf3 g6 2. c4 Bg7 3. d4 d6 4.
Nc3 Nc6 5. d5 Nb8 6. e4 e5 7. dxe6 Bxe6 8. Be3 Nc6 9. Be2 Nf6 10.
O-O O-O 11. Ng5 Bd7 12. Qd2 h6 13. Nf3 Ng4 14. Bf4 g5 15. Bg3 Kh8 16. h3 Nge5 17.
Nxe5 dxe5 18. Nd5 Nd4 19. Bh5 c6 20. Ne3 Be6 21. Rad1 Qe7 22. b3 a5 23. Nc2 Rfd8 24.
Nxd4 Rxd4 25. Qe3 a4 26. Bxe5 Bxe5 27. Rxd4 Bxd4 28. Qxd4+ Kg8 29. Rd1 a3 30. Qe5 Rd8 31. Rxd8+ Qxd8 32. Kh2 Qd2 33. Qb8+ Kg7 34. Qe5+ Kg8 35. Qb8+ Kh7 36. Qxb7 Qxf2 37. Qc7 c5 38. Bg4 Kg6 39. Bxe6 fxe6 40. Qe5 Qf4+ 41. Qxf4 gxf4 42. Kg1 Kf6 43. Kf2 Ke5 44. Kf3 Kd4 45. Kxf4 Kc3 46.
Ke5 Kb2 47. b4 cxb4 48. c5 b3 49. axb3 a2 50. c6 a1=Q 51. c7 Qa6 52. b4 Kc3 53.
b5 Qxb5+ 54. Kd6 Qe8 55. g4 Kd4 56. h4 Kxe4 57. g5 hxg5 58. h5 Kf5 59. h6 Kg6 0-1

[Event "Late-Titled-Tuesday-Blitz-December-26-2023"]
[Site "Chess.com"]
[Date "2023.12.26"]
[Round "2"]
[White "Onthequiet"]
[Black "Vaporwaffle94"]
[Result "1-0"]
[WhiteElo "2422"]
[BlackElo "2034"]
[TimeControl "180+1"]
[EndTime "14:18:25 PST"]
[Termination "Onthequiet won on time"]

1. d4 Nf6 2. Nf3 e6 3. c4 b6 4.
Nc3 Bb7 5. Bg5 h6 6. Bxf6 Qxf6 7. g3 Bb4 8. Bg2 O-O 9. O-O d6 10. Nh4 Bxg2 11. Nxg2 Bxc3 12. bxc3 c5 13. Qd3 Nc6 14. e3 Rac8 15. Nf4 Na5 16. d5 e5 17. Ne2 Qg6 18.
e4 f5 19. f3 fxe4 20. fxe4 Rxf1+ 21. Rxf1 Rf8 22. Rxf8+ Kxf8 23. Kg2 Ke7 24. Nc1 Qg5 25. Nb3 Nxb3 26. axb3 Qc1 27. Qf3 Qb2+ 28. Kh3 Qxb3 29. Qf5 Qxc4 30. Qe6+ Kf8 31. Qxd6+ Kg8 32. Qxe5 Qf1+ 33.
Kg4 Qe2+ 34. Kf5 Qh5+ 35. Ke6 Qe8+ 36. Kd6 Qb8+ 37. Ke6 Qc8+ 38. Kd6 Qb8+ 39. Ke6 Qxe5+ 40. Kxe5 Kf7 41. Kd6 a5 42. Kc7 a4 43. d6 a3 44. d7 a2 45. d8=Q a1=Q 46. Qd5+ Kf6 47. e5+ Kg6 48. Qd3+ Kf7 49. Qf5+ Kg8 50. e6 Qa7+ 51.
Kc6 Qa4+ 52. Kb7 Qe8 53. Qd5 Kh7 54. Qd7 Qf8 55. e7 Qf3+ 56. Qc6 Qe3 57. e8=Q 1-0

[Event "Late-Titled-Tuesday-Blitz-December-26-2023"]
[Site "Chess.com"]
[Date "2023.12.26"]
[Round "2"]
[White "severomorskij"]
[Black "Kleyton_Lima"]
[Result "1/2-1/2"]
[WhiteElo "2884"]
[BlackElo "2574"]
[TimeControl "180+1"]
[EndTime "14:18:28 PST"]
[Termination "Game drawn by repetition"]

1. d4 Nf6 2. c4 g6 3. Nc3 d5 4.
cxd5 Nxd5 5. e4 Nxc3 6. bxc3 Bg7 7. Nf3 c5 8. Bb5+ Nc6 9. O-O O-O 10. Bxc6 bxc6 11. Qc2 Qa5 12. a4 Bg4 13. Ne5 Bxe5 14. dxe5 Rfd8 15. f4 Be6 16. Ba3 Rd7 17. f5 Bc4 18. Rfd1 Rad8 19. f6 exf6 20. exf6 h5 21. Rxd7 Rxd7 22. h3 Rd3 23. Rc1 Qd8 24. Qf2 Rd1+ 25.
Rxd1 Qxd1+ 26. Kh2 Qd6+ 27. Kg1 Qd1+ 28. Kh2 Qd6+ 29. Qg3 Qxg3+ 30. Kxg3 Bb3 31. a5 c4 32. Kf4 Bc2 33. Ke5 a6 34. Bc5 g5 35. Be3 g4 36. h4 Kh7 37. Kf5 Bd3 38. g3 Bc2 39. Bg5 Bd3 40. Bf4 Bc2 41. Bd2 Bd3 42. Be3 Bc2 43. Kf4 Bd3 44. e5 Kg6 45. Bd4 Bf5 46.
Bc5 Bd3 47. Bd6 Bf5 48. Bc5 Be6 49. Bd6 Bd5 50. Bc5 Be6 51. Ke4 Bd5+ 52. Kf4 Be6 1/2-1/2